 Dungeon Crawl Stone Soup version 0.15.0-14-g6bbbb5c (webtiles) character file.

60 MDvedh the Ruffian (level 4, -4/28 HPs)
             Began as a Gargoyle Monk on Sept 4, 2014.
             Slain by a gnoll
             ... wielding a +0 halberd
              (5 damage)
             ... on Level 1 of the Dungeon.
             The game lasted 00:02:50 (1274 turns).

MDvedh the Ruffian (Gargoyle Monk)                  Turns: 1274, Time: 00:02:50

HP  -4/28        AC 14     Str 14      XL: 4   Next:  4%
MP   4/4         EV  3     Int 11      God:
Gold 65          SH  0     Dex 13      Spells:  0 memorised,  3 levels left

rFire  . . .     SeeInvis .     h - +0 club
rCold  . . .     Clarity  .     e - +0 plate armour (curse)
rNeg   + . .     rCorr    .     (no shield)
rPois  +         rRot     +     (no helmet)
rElec  +         Spirit   .     (no cloak)
SustAb .         Warding  .     (no gloves)
rMut   .         Stasis   .     (no boots)
Gourm  .                        (no amulet)
MR     .....                    (no ring)
                                (no ring)

@: not resistant to hostile enchantments, extremely unstealthy
A: negative energy resistance 1, electricity resistance, unbreathing,
petrification resistance, rot immunity, AC +3
a: no special abilities


You were on level 1 of the Dungeon.
You were hungry.

You visited 1 branch of the dungeon, and saw 2 of its levels.

You collected 65 gold pieces.

Inventory:

Hand weapons
 h - a +0 club (weapon)
Armour
 a - a +0 robe
 e - a cursed +0 plate armour (worn)
Comestibles
 b - 2 bread rations
 c - a meat ration
 j - a rotting chunk of worm flesh
 k - a beef jerky
Scrolls
 d - a scroll of fog {unknown}
 f - a scroll of blinking {unknown}
 i - a scroll of fear {unknown}
Potions
 g - a potion of agility {unknown}
 l - a potion of heal wounds
 m - a potion of resistance {unknown}


   Skills:
 - Level 3.2 Fighting
 + Level 2.8 Maces & Flails
 - Level 2.0 Armour
 - Level 2.4 Dodging
 - Level 2.1 Stealth
 - Level 4.0 Unarmed Combat


You had 3 spell levels left.
You didn't know any spells.

Dungeon Overview and Level Annotations

Branches:
Dungeon (2/15)

Altars:


Innate Abilities, Weirdness & Mutations

You are resistant to torment.
You are immune to poison.
Your stone body is very resilient (AC +3).
You resist negative energy.
You are resistant to electric shocks.
You can survive without breathing.
You are immune to petrification.
You are immune to rotting.


Message History

You hit the gnoll.
The gnoll is severely wounded.
The bat hits you but does no damage. The gnoll hits you but does no damage.
You completely miss the gnoll.
The gnoll is severely wounded.
The bat completely misses you. The gnoll hits you with a halberd!
* * * LOW HITPOINT WARNING * * *
You are too injured to fight recklessly!
You are too injured to fight recklessly!
You are too injured to fight recklessly!
You are too injured to fight recklessly!
You are too injured to fight recklessly!
You are too injured to fight recklessly!
You are too injured to fight recklessly!
Unknown command.
Your plate armour prevents you from hitting the gnoll.
The gnoll is severely wounded.
The bat hits you but does no damage. x2
The gnoll hits you with a halberd.
You die...

.#####.....#.%........#### #
.........#####)..###### #
......##.# ##(## # .####.##.#
#.# # .# #.##.# #.# #
.####.##.######.## #
............##...############
#
...%..##)........##.........#
#
...#####.##.##.b@##.#######.#
# ...# #.##....g..#.## #.# #
#.)# ##.##.#.....#..## #.# #
...####...............#####.#
#
.........##.#.....##.....####
#
#..####.###.#.....#....8.####
# #..#
##.###.###.##.......≈≈≈# #
#..###...##.###.........≈≈≈≈#
#
#..##..#..#.......8..8<.≈≈≈(#
#


You could see a gnoll and a bat.

Vanquished Creatures
  2 adders (D:2)
  A worm (D:2)
  2 giant geckos
  2 giant cockroaches
  A goblin (D:2)
  7 hobgoblins (D:1)
  2 jackals (D:1)
  4 kobolds (D:1)
  3 bats
  A giant newt (D:2)
  11 rats
36 creatures vanquished.

Notes
Turn   | Place    | Note
--------------------------------------------------------------
     0 | D:1      | MDvedh, the Gargoyle Monk, began the quest for the Orb.
     0 | D:1      | Reached XP level 1. HP: 14/14 MP: 1/1
   160 | D:1      | Reached skill level 1 in Armour
   281 | D:1      | Reached XP level 2. HP: 13/19 MP: 2/2
   471 | D:1      | Reached skill level 1 in Maces & Flails
   570 | D:1      | Reached XP level 3. HP: 23/23 MP: 3/3
  1151 | D:2      | HP: 1/23 [adder (3)]
  1216 | D:2      | Reached XP level 4. HP: 26/28 MP: 4/4
  1273 | D:1      | HP: 1/28 [gnoll/halberd (9)]
  1274 | D:1      | Slain by a gnoll

Action                   |  1- 3 |  4- 6 || total
-------------------------+-------+-------++-------
Melee: Unarmed           |   114 |       ||   114
       Club              |    90 |    24 ||   114
  Use: Potion            |     2 |       ||     2
  Eat: Chunk             |     1 |       ||     1
